 Dungeon Crawl Stone Soup version 0.19-a0-1216-g363869b (webtiles) character file.

54 inmateoo the Insei (level 3, -4/18 HPs)
             Began as a Vine Stalker Transmuter on Aug 23, 2016.
             Slain by a hobgoblin
             ... wielding a +0 club
              (5 damage)
             ... on level 2 of the Dungeon.
             The game lasted 00:01:19 (944 turns).

inmateoo the Insei (Vine Stalker Transmuter)         Turns: 944, Time: 00:01:20

Health: -4/18      AC:  2    Str: 12    XL:     3   Next: 91%
Magic:  0/7        EV: 12    Int: 13    God:
Gold:   9          SH:  0    Dex: 15    Spells: 1 memorised, 5 levels left

rFire  . . .     SeeInvis .     h - +2 short sword (flame)
rCold  + . .     Gourm    .     b - +0 robe
rNeg   . . .     Faith    .     (no shield)
rPois  .         Spirit   +     (no helmet)
rElec  .         Dismiss  .     (no cloak)
rCorr  .         Reflect  .     (no gloves)
MR     .....     Harm     .     (no boots)
Stlth  +.........               (no amulet)
                                (no ring)
                                f - ring of protection from cold

@: no status effects
A: fangs 2, magic shield, antimagic bite, no device heal 3, rot immunity
a: no special abilities


You were on level 2 of the Dungeon.
You were not hungry.

You visited 1 branch of the dungeon, and saw 2 of its levels.

You collected 9 gold pieces.

Inventory:

Hand Weapons
 h - a +2 short sword of flaming (weapon)
Missiles
 a - 12 arrows
Armour
 b - a +0 robe (worn)
Jewellery
 f - a ring of protection from cold (left hand)
Scrolls
 i - a scroll of remove curse {unknown}
 m - a scroll of enchant armour {unknown}
 n - a scroll of identify {unknown}
Potions
 g - a potion of ambrosia {unknown}
 j - a potion of agility {unknown}
 k - a potion of heal wounds {unknown}
 l - a potion of flight {unknown}
Books
 c - a book of Changes

   Spells                             Type                      Level
   a - Beastly Appendage              Transmutation                1
   b - Sticks to Snakes               Transmutation                2
   c - Spider Form                    Transmutation/Poison         3
   d - Ice Form                       Ice/Transmutation            4
   e - Blade Hands                    Transmutation                5
Comestibles
 d - 4 bread rations


   Skills:
 - Level 2.0 Fighting
 - Level 1.5 Dodging
 * Level 4.1 Unarmed Combat
 - Level 2.1 Spellcasting
 - Level 2.0 Transmutations


You had 5 spell levels left.
You knew the following spells:

 Your Spells              Type           Power        Failure   Level  Hunger
a - Beastly Appendage     Tmut           #.....       12%         1    ##.....


Dungeon Overview and Level Annotations

Branches:
Dungeon (2/15)

Altars:


Innate Abilities, Weirdness & Mutations

You have extremely sharp teeth.
When hurt, damage is shared between your health and your magic reserves.
Your bite disrupts and absorbs the magic of your enemies.
Potions and wands cannot restore your health.
You are immune to rotting.


Message History

You are too injured to fight recklessly!
You are too injured to fight recklessly!
Unknown command.
You hit the kobold but do no damage. Your bite misses the kobold.
The kobold closely misses you. The kobold hits you with a short sword.
* * * LOW HITPOINT WARNING * * *
You hit the kobold. You burn the kobold. Your bite misses the kobold.
The kobold is severely wounded.
* * * LOW HITPOINT WARNING * * *
You feel sick. The kobold hits you with a short sword.
* * * LOW HITPOINT WARNING * * *
Unknown command.
You see here a stone.
Wield which item (- for none, * to show all)? (? for menu, Esc to quit)
Okay, then.
It was a potion of curing.
Your system rejects the healing.
You feel better. The kobold hits you with a short sword.
* * * LOW HITPOINT WARNING * * *
The hobgoblin hits you with a club.
You die...

#.............######.#
#.....#####.##....†.†#
#.....# #...^#####)#
#.....# ##(#### #...#
##########..# ###.#
.......(.# .#
########(# . #†#####
## ##@....## #[Kg)...#
#.........#
#..........
...........#
..#.........#
#............#
#####.....<.##
.......>.


You could see a hobgoblin and a kobold.

Vanquished Creatures
  An adder (D:2)
  2 worms (D:2)
  A dart slug (D:1)
  2 giant cockroaches
  4 goblins
  7 hobgoblins
  2 jackals (D:1)
  4 kobolds
  2 ball pythons
  6 bats
  4 rats
35 creatures vanquished.

Notes
Turn   | Place    | Note
-------+----------+-------------------------------------------
     0 | D:1      | inmateoo the Vine Stalker Transmuter began the quest for the Orb.
     0 | D:1      | Reached XP level 1. HP: 9/9 MP: 4/4
    44 | D:1      | Reached skill level 1 in Fighting
    72 | D:1      | Reached XP level 2. HP: 2/14 MP: 4/6
   577 | D:1      | Reached XP level 3. HP: 7/18 MP: 5/7
   921 | D:2      | Reached skill level 4 in Unarmed Combat
   944 | D:2      | Slain by a hobgoblin

Vault maps used:
D:1:      sevenhm_arrival_forest_fort_small_1
D:2:      ecumenical_altar_1, hex_tiny

Skill      XL: |  1  2  3 |
---------------+----------+-----
Fighting       | 1 2 |  2.0
Unarmed Combat | 4 |  4.1
Dodging        | |  1.5
Spellcasting   | |  2.1
Transmutations | |  2.0

Action                   || total
-------------------------++-------
Melee: Unarmed           ||    52
       Bite              ||    24
       Short sword       ||    57
       Punch             ||     1
  Use: Potion            ||     1
 Stab: Sleeping          ||     3
Armor: Robe              ||    21
Dodge: Dodged            ||    73
